 Dungeon Crawl Stone Soup version 0.30-a0-596-g0af90f9a20 (webtiles) character file.

Game seed: 9787447161910776621

754 testman the Conjurer (level 7, -2/56 HPs)
             Began as a Pale Draconian Conjurer on Jan 6, 2023.
             Slain by Pikel
             ... wielding a +2 whip of flaming
              (3 damage)
             ... on level 4 of the Dungeon.
             The game lasted 00:28:05 (5152 turns).

testman the Conjurer (Pale Draconian Conjurer)      Turns: 5152, Time: 00:28:06

Health: -2/56      AC:  8    Str:  9    XL:     7   Next: 49%
Magic:  0/14       EV: 12    Int: 21    God:
Gold:   231        SH:  0    Dex:  9    Spells: 5/15 levels left

rFire   . . .      SeeInvis .    q - +4 quarterstaff (chaos)
rCold   + . .      Faith    .    (shield currently unavailable)
rNeg    . . .      Spirit   +    (body armour unavailable)
rPois   .          Reflect  .    (helmet restricted)
rElec   .          Harm     .    p - +0 cloak
rCorr   .          Rampage  .    x - +0 pair of gloves
Will    .....                    (no boots)
Stlth   ++                       u - amulet of guardian spirit
HPRegen 0.29/turn                t - ring of protection from cold
MPRegen 0.14/turn                (no ring)

@: no status effects
A: breathe steam, AC +6, unfitting armour, cold-blooded, steam resistance
a: Breathe Steam


You were on level 4 of the Dungeon.
You visited 1 branch of the dungeon, and saw 5 of its levels.

You collected 231 gold pieces.

Inventory:

Hand Weapons
 n - the +8 hammer of Defiance {vamp, +Blink Str+2 Int-4}
   (You found it on level 2 of the Dungeon)

   Str:       It affects your strength (+2).
   Int:       It affects your intelligence (-4).
   +Blink:    It lets you blink.
 o - a +2 hammer of holy wrath
 q - a +4 quarterstaff of chaos (weapon)
Armour
 p - a +0 cloak (worn)
 x - a +0 pair of gloves (worn)
Magical Staves
 d - a staff of fire
Jewellery
 t - a ring of protection from cold (left hand)
 u - an amulet of guardian spirit (around neck)
Scrolls
 e - a scroll of enchant weapon {unknown}
 g - 4 scrolls of teleportation {unknown}
 h - 2 scrolls of amnesia {unknown}
 i - a scroll of immolation {unknown}
 j - 6 scrolls of identify {unknown}
 k - a scroll of fog {unknown}
 l - a scroll of noise {unknown}
 m - 2 scrolls of poison {unknown}
 w - a scroll of blinking {unknown}
 y - a scroll of enchant armour {unknown}
Potions
 b - 2 potions of attraction {unknown}
 c - 5 potions of curing
 f - a potion of heal wounds {unknown}
 r - 2 potions of mutation {unknown}
 s - a potion of lignification {unknown}
 v - a potion of degeneration {unknown}
 z - 2 potions of brilliance {unknown}
Miscellaneous
 A - a phial of floods


   Skills:
 - Level 2.6 Fighting
 - Level 2.0 Staves
 - Level 1.7 Dodging
 - Level 1.7 Stealth
 - Level 4.6 Spellcasting
 - Level 6.2 Conjurations
 + Level 0.6 Hexes
 + Level 3.0 Translocations


You had 5 spell levels left.
You knew the following spells:

 Your Spells              Type           Power      Damage    Failure   Level
a - Magic Dart            Conj           100%       1d8       1%          1
b - Searing Ray           Conj           62%        2d6       1%          2
c - Iskenderun's Mystic   Conj/Tloc      24%        2d7       17%         4
d - Dazzling Flash        Conj/Hex       38%        N/A       9%          3

Your spell library contained the following spells:

 Spells                   Type           Power      Damage    Failure   Level
 Fulminant Prism          Conj/Hex       9%         3d7       26%         4


Dungeon Overview and Level Annotations

Branches:
Dungeon (5/15)
 Temple: D:4-7

Altars:
Cheibriados
Okawaru

Shops:
D:4 [

Annotations:
D:4 Pikel


Innate Abilities, Weirdness & Mutations

You can breathe blasts of scalding, opaque steam.
Your pale cyan-grey scales are hard. (AC +6)
You cannot fit into any form of body armour.
You are cold-blooded and may be slowed by cold attacks.
You are immune to the effects of steam.


Message History

The searing ray hits the lemure but does no damage.
The lemure is severely wounded.
You finish channelling your searing ray.
Casting: Searing Ray (safe; 1% risk of failure)
Confirm with . or Enter, or press ? or * to list all spells.
Aiming: Searing Ray (safe; 1% risk of failure)
Press: ? - help, Shift-Dir - straight line, f - Pikel
Aim: Pikel, wielding a +2 whip of flaming and wearing a +0 robe of fire resistance (severely wounded, 74% to hit)
The searing ray hits Pikel.
Pikel is severely wounded.
The searing ray misses the lemure. (Press . to maintain the ray.) Pikel cracks his whip.
Pikel misses you.
The searing ray hits Pikel.
Pikel is almost dead.
The searing ray hits the lemure.
The lemure is severely wounded.
Pikel hits you with a +2 whip of flaming!
* * * LOW HITPOINT WARNING * * *
Pikel burns you.
* * * LOW HITPOINT WARNING * * *
The searing ray hits Pikel but does no damage.
Pikel is almost dead.
The searing ray hits the lemure!
You kill the lemure!
That felt strangely unrewarding.
Pikel hits you with a +2 whip of flaming.
* * * LOW HITPOINT WARNING * * *
Pikel burns you.
* * * LOW HITPOINT WARNING * * *
Without enough magic to sustain it, your searing ray dissipates.
Pikel hits you but does no damage.
Unknown command.
You barely miss Pikel.
Pikel is almost dead.
Pikel hits you with a +2 whip of flaming!
* * * LOW HITPOINT WARNING * * *
Pikel burns you.
You die...

#.........................
#.........)...............
#....................))..>
#.........##............))
##........##.###..........
#......#)##.# #.###...###
#.######.##.# ###.#####..
#.# #K##)# ##'#...'.. #.#
#@##.# #..#...#.. ##.#
#..#)####..'...#.. #..#
##.#.##.########## #.##
#####....#.#......#..
#.####........#.#......#..
#.##...####...#.#......#.)
##.#..### ##..#.#.[...[#†.
#....## ##.#.#......'†.
#.#### #.#........###


You could see Pikel.

Vanquished Creatures
  A wyvern (D:4)
  3 lemures (D:4)
  A killer bee (D:4)
  3 orc priests
  Crazy Yiuf (D:2)
  A hound (D:4)
  Jessica (D:2)
  3 iguanas (D:4)
  Robin (D:4)
  11 adders
  4 gnolls (D:2)
  A white imp (D:3)
  3 worms
  3 dart slugs
  19 orcs
  6 ball pythons
  6 endoplasms
  7 giant cockroaches
  18 goblins
  14 hobgoblins
  8 jackals
  3 quokkas
  5 bats
  4 frilled lizards
  7 kobolds
  5 rats
139 creatures vanquished.

Vanquished Creatures (others)
  An orc (D:5)
1 creature vanquished.

Grand Total: 140 creatures vanquished

Notes
Turn   | Place    | Note
-------+----------+-------------------------------------------
     0 | D:1      | testman the Draconian Conjurer began the quest for the Orb.
     0 | D:1      | Reached XP level 1. HP: 14/14 MP: 3/3
   183 | D:1      | Reached XP level 2. HP: 20/20 MP: 1/5
   238 | D:1      | Learned a level 2 spell: Searing Ray
  1102 | D:1      | Reached XP level 3. HP: 23/26 MP: 4/7
  1319 | D:2      | Reached XP level 4. HP: 33/33 MP: 1/8
  1431 | D:2      | Reached skill level 5 in Conjurations
  1769 | D:2      | Reached XP level 5. HP: 38/38 MP: 6/10
  1774 | D:2      | Learned a level 4 spell: Iskenderun's Mystic Blast
  1844 | D:2      | Noticed Jessica
  1849 | D:2      | Killed Jessica
  2134 | D:2      | Identified the +8 hammer of Defiance {vamp, +Blink Str+2
                  | Int-4}
  2137 | D:2      | Found a runed translucent door.
  2138 | D:2      | Noticed Crazy Yiuf
  2146 | D:2      | Killed Crazy Yiuf
  2147 | D:2      | Reached skill level 1 in Translocations
  2953 | D:3      | Reached XP level 6. HP: 45/46 MP: 8/12
  3475 | D:3      | Reached skill level 1 in Fighting
  3746 | D:4      | Reached skill level 1 in Staves
  4125 | D:4      | Found an iron altar of Okawaru.
  4219 | D:4      | Noticed Robin
  4222 | D:4      | Killed Robin
  4313 | D:4      | Noticed a wyvern
  4322 | D:4      | Killed a wyvern
  4323 | D:4      | Reached skill level 6 in Conjurations
  4323 | D:4      | Your scales start taking on a pale cyan-grey colour.
  4323 | D:4      | Reached XP level 7. HP: 35/55 MP: 1/13
  4323 | D:4      | Gained mutation: You are immune to the effects of steam.
                  | [Pale Draconian growth]
  4824 | D:4      | Found a snail-covered altar of Cheibriados.
  4860 | D:4      | Found Mwindo's Dragon-Slaying Spoils.
  5011 | D:5      | Entered Level 5 of the Dungeon
  5011 | D:5      | Noticed Pikel
  5046 | D:4      | Learned a level 3 spell: Dazzling Flash
  5152 | D:4      | HP: 1/56 [Pikel/+2 whip of flaming (6)]
  5152 | D:4      | Slain by Pikel

Illustrated notes

Levels and vault maps discovered:
D:1:      dpeg_arrival_long_road, layout_loops_ring
D:2:      layout_loops_ring, minmay_increasing_density, uniq_crazy_yiuf_cottage,
          uniq_jessica
D:3:      layout_rooms, hangedman_decor_riveting,
          minmay_randomly_rotated_circles
D:4:      minmay_clustersquares, layout_rooms, lemuel_round_altar,
          general_overflow_altar, nicolae_shop_dragon_depot, uniq_robin
D:5:      layout_cave_pools, grunt_dithmenos_smoke_and_mirrors,
          minmay_temple_entry_gardened_gates, uniq_menkaure, uniq_pikel,
          uniq_ijyb

Skill      XL: |  1  2  3  4  5  6  7 |
---------------+----------------------+-----
Spellcasting   | 3 4 |  4.6
Conjurations   | 5 6 |  6.2
Translocations | 1 2 3 |  3.0
Fighting       | 2 |  2.6
Staves         | 2 |  2.0
Dodging        | |  1.7
Stealth        | |  1.7
Hexes          | |  0.6

Action                   |  1- 3 |  4- 6 |  7- 9 || total
-------------------------+-------+-------+-------++-------
Melee: Unarmed           |    35 |       |       ||    35
       Tailslap          |     4 |     2 |       ||     6
       Dagger            |    11 |     7 |       ||    18
       Quarterstaff      |       |    20 |     8 ||    28
       Club              |       |     1 |       ||     1
 Cast: Magic Dart        |    27 |    79 |     6 ||   112
       Searing Ray       |     9 |    29 |    11 ||    49
       Iskenderun's Myst |       |     1 |     2 ||     3
       Dazzling Flash    |       |       |     1 ||     1
  Use: Potion            |       |       |     2 ||     2
 Stab: Sleeping          |     2 |       |     1 ||     3
Armor: Skin              |    17 |    18 |    24 ||    59
Dodge: Dodged            |    41 |    39 |    33 ||   113

Table legend: (Time is in decaauts)
 A = Elapsed time spent in this place.
 B = Non-inter-level travel time spent in this place.
 C = Inter-level travel time spent in this place.
 D = Time resting spent in this place.
 E = Time spent auto-exploring this place.
 F = Levels seen in this place.
 G = Mean time per level.
                   A        B        C        D        E       F      G
               +--------+--------+--------+--------+--------+-----+--------+
         Total |   5167 |   5000 |    167 |    928 |   3216 |   5 | 1033.4 |
       Dungeon |   5167 |   5000 |    167 |    928 |   3216 |   5 | 1033.4 |
               +--------+--------+--------+--------+--------+-----+--------+

Top non-repeatable levels by time:
     D:2: 1561 daAuts
     D:1: 1346 daAuts
     D:4: 1343 daAuts
     D:3: 908 daAuts
     D:5: 8 daAuts
